[Event "Late-Titled-Tuesday-Blitz-February-06-2024"]
[Site "Chess.com"]
[Date "2024.02.06"]
[Round "1"]
[White "giomar27"]
[Black "LikeWater"]
[Result "0-1"]
[WhiteElo "2417"]
[BlackElo "2789"]
[TimeControl "180+1"]
[EndTime "14:07:44 PST"]
[Termination "LikeWater won by checkmate"]

1. d4 d6 2. Nc3 Nf6 3. Bf4 c6 4. e4 Qa5 5. Bd3 e5 6. dxe5 dxe5 7. Bg3 Bb4 8. Ne2 Bg4 9. f3 Be6 10. a3 Be7 11. O-O O-O 12. b4 Qc7 13. Kh1 Nbd7 14. Nd4 Nh5 15. Nf5 Bf6 16. Qe1 g6 17. Ne3 a5 18. b5 Nc5 19. Bc4 Bg7 20. bxc6 bxc6 21.
Bxe6 Nxe6 22. Nc4 Nhf4 23. Bf2 Nd4 24. Ne3 Rab8 25. Rb1 h5 26. Qd2 Rfd8 27. Rxb8 Rxb8 28. Nc4 Nfe6 29. Bg3 Rd8 30. Qf2 f6 31. Rb1 Qe7 32. a4 Kh7 33. Qf1 Qc5 34. Bf2 Rd7 35. Nd1 Qe7 36.
Nxa5 Nxc2 37. Nxc6 Qd6 38. Qb5 Nf4 39. g3 Nh3 40.
Qc5 Qd2 41. Be3 Qe2 42. Qc3 Qxf3# 0-1

[Event "Late-Titled-Tuesday-Blitz-February-06-2024"]
[Site "Chess.com"]
[Date "2024.02.06"]
[Round "1"]
[White "gunslinger222"]
[Black "OglazaOskar2005"]
[Result "0-1"]
[WhiteElo "2288"]
[BlackElo "2617"]
[TimeControl "180+1"]
[EndTime "14:07:44 PST"]
[Termination "OglazaOskar2005 won on time"]

1. d4 Nf6 2. Bg5 d5 3. e3 c5 4. Nf3 Nc6 5. Bb5 a6 6. Bxc6+ bxc6 7. O-O e6 8. Ne5 Qc7 9. Nc3 Bd6 10. Bf4 O-O 11. Na4 cxd4 12. exd4 Nd7 13. Re1 Rb8 14. b3 Rd8 15. Qh5 g6 16. Qh3 Nxe5 17. Bxe5 Bxe5 18. Rxe5 f6 19. Ree1 e5 20. Qf3 Qd6 21. Nc5 exd4 22. Nd3 c5 23. Nf4 Bf5 24. Nxd5 Kf7 25. Ne7 Be6 26.
Nc6 Bd5 27. Nxd8+ Rxd8 28. Qg3 Qc6 29. Rad1 Be6 30. h4 c4 31. bxc4 Qxc4 32. Qd3 Qc6 33. h5 Rd7 34. hxg6+ hxg6 35. Rc1 Bf5 36. Qf3 Qc4 37. c3 d3 38. Qe3 Be6 39. a3 f5 40.
Rcd1 f4 41. Qe5 f3 42. Re4 Qd5 43. Rf4+ Ke7 44. Qg7+ Kd6 45. Qf8+ Kc7 46. Rd4 Qe5 47. Rxd7+ Bxd7 0-1

[Event "Late-Titled-Tuesday-Blitz-February-06-2024"]
[Site "Chess.com"]
[Date "2024.02.06"]
[Round "1"]
[White "Real_taiatai"]
[Black "MikaelyanArman"]
[Result "0-1"]
[WhiteElo "2461"]
[BlackElo "2861"]
[TimeControl "180+1"]
[EndTime "14:07:46 PST"]
[Termination "MikaelyanArman won by resignation"]

1. d4 Nf6 2. Nf3 d6 3. Nc3 Bf5 4. Nh4 Bd7 5. e4 e5 6. Nf3 Nc6 7. Bc4 Be7 8. h3 O-O 9. O-O exd4 10. Nxd4 Nxd4 11. Qxd4 a6 12. a4 Bc6 13. Bf4 Nd7 14.
Rad1 Bf6 15. Qd3 Nc5 16. Qf3 Bxc3 17. Qxc3 Nxe4 18. Qd4 Qf6 19. Rfe1 Qxd4 20. Rxd4 Rfe8 21. a5 Nc5 22. Rdd1 h6 23. f3 Ne6 24. Bg3 Rad8 25. Re3 g5 26. Rde1 Nd4 27. Re7 Rxe7 28. Rxe7 Rd7 29. Bxf7+ Kg7 30. Rxd7 Bxd7 31. Bd5 Bc6 32. Bb3 Kf6 33. Kf2 Bb5 34. Ke3 Nc6 35. Be1 Ne5 36.
Bc3 c6 37. g3 Ke7 38. f4 gxf4+ 39. gxf4 Nd7 40. Bg7 h5 41. c4 Nc5 42. cxb5 Nxb3 43.
bxa6 bxa6 44. Bc3 d5 45. Kf3 d4 46. f5 dxc3 47. bxc3 Nxa5 48. Kf4 Kf6 49. Ke4 Nb7 50.
Kd4 Kxf5 51. Kc4 a5 52. Kb3 Ke4 53. h4 Kd3 54. c4 Kd4 55. Ka4 Kxc4 56. Ka3 Kb5 57. Kb3 Nc5+ 58. Ka2 Nd7 59. Ka3 Ne5 60. Kb3 Ng6 0-1

[Event "Late-Titled-Tuesday-Blitz-February-06-2024"]
[Site "Chess.com"]
[Date "2024.02.06"]
[Round "1"]
[White "NCchamp"]
[Black "Semetey"]
[Result "1-0"]
[WhiteElo "2302"]
[BlackElo "2600"]
[TimeControl "180+1"]
[EndTime "14:07:46 PST"]
[Termination "NCchamp won on time"]

1. e4 e5 2. Nf3 Nc6 3. Bc4 Bc5 4.
c3 Nf6 5. d4 exd4 6. e5 d5 7.
Be2 Ne4 8. cxd4 Bb6 9. Nc3 Bg4 10. Be3 O-O 11. O-O Qd7 12. Rc1 Rad8 13. Na4 f6 14. exf6 Rxf6 15. Nxb6 axb6 16. Qa4 Rdf8 17. Qd1 Rg6 18. Kh1 Qd6 19. a3 Bxf3 20. Bxf3 Ng5 21.
Bh5 Ne4 22. Bxg6 Qxg6 23. h3 Rf5 24. Qg4 Qf7 25. Kg1 h5 26. Qe2 g5 27. Rfd1 Qg6 28.
f3 Nd6 29. Bf2 Rf7 30. Qd3 Nf5 31. b4 Qd6 32. Re1 Nh4 33. Re8+ Kg7 34. Bxh4 gxh4 35. Rce1 Qf6 36. Rd1 Qg5 37. Qe2 Rf6 38. Rc8 Rf7 39. Qe6 Qf4 40. Qxd5 Ne7 41. Qe6 1-0

[Event "Late-Titled-Tuesday-Blitz-February-06-2024"]
[Site "Chess.com"]
[Date "2024.02.06"]
[Round "1"]
[White "Ready4abattle"]
[Black "ozates"]
[Result "1-0"]
[WhiteElo "2307"]
[BlackElo "2606"]
[TimeControl "180+1"]
[EndTime "14:07:47 PST"]
[Termination "Ready4abattle won on time"]

1. e4 e5 2. Nf3 Nc6 3. Bc4 Nf6 4. Ng5 d5 5. exd5 Na5 6. Bb5+ c6 7. dxc6 bxc6 8.
Bd3 Ng4 9. Ne4 f5 10. Be2 h5 11. h3 Nf6 12. Nxf6+ Qxf6 13. Bxh5+ g6 14. Be2 Bc5 15. d3 f4 16. Nc3 Qh4 17. Ne4 Bb6 18. Bd2 Bf5 19.
g3 fxg3 20. fxg3 Qe7 21. Bg5 Qb4+ 22. Bd2 Qe7 23. Bg4 O-O-O 24. Qe2 Kb7 25. O-O-O Rd5 26. Kb1 Rb5 27. Nc3 Rxb2+ 28. Kxb2 Qb4+ 29. Ka1 Ka6 30. Rb1 Qa3 31. Bxf5 gxf5 32. d4+ Kb7 33. dxe5 Rd8 34. Rhd1 Ka8 35. Qf3 Qc5 36. Be1 Re8 37. Qxf5 Nc4 38.
Qd3 Nxe5 39. Qd2 Nc4 40. Qc1 Ba5 41. Rb3 Ne3 42. Rd3 Ng2 43. Bd2 Qc4 44. Qb2 Ne1 45.
Re3 1-0

[Event "Late-Titled-Tuesday-Blitz-February-06-2024"]
[Site "Chess.com"]
[Date "2024.02.06"]
[Round "1"]
[White "maurovargas01"]
[Black "elmusmolamas"]
[Result "1-0"]
[WhiteElo "1902"]
[BlackElo "2518"]
[TimeControl "180+1"]
[EndTime "14:07:47 PST"]
[Termination "maurovargas01 won on time"]

1. e4 d6 2. Nc3 Nf6 3. f4 g6 4.
Nf3 Bg7 5. Bc4 O-O 6. Bb3 c6 7. d3 b5 8. a3 a5 9. Ne2 a4 10. Ba2 Qb6 11. Ng3 h5 12. Qe2 Ng4 13. h3 Nh6 14. c3 c5 15. Be3 Qb7 16. O-O b4 17.
axb4 cxb4 18. Bd5 Nc6 19. cxb4 Bd7 20. Qd2 Rfb8 21. f5 e6 22. Bxc6 Bxc6 23. Bxh6 Qxb4 24.
Bxg7 Qxd2 25. Nxd2 Kxg7 26. fxe6 fxe6 27. Nc4 d5 28. exd5 exd5 29. Ne5 Be8 30. Rf2 Rb4 31.
Nf1 Rab8 32. Ra2 d4 33. Ng3 R8b5 34. Nc4 Rb8 35. Ne4 Rb3 36. Rd2 Bf7 37. Ned6 R8b4 38.
Nxf7 Kxf7 39. Na5 Rc3 40. bxc3 dxc3 41. Rdc2 Rb1+ 42. Kf2 Rb3 43. Nxb3 axb3 44. Rxc3 bxa2 45. Ra3 1-0

[Event "Late-Titled-Tuesday-Blitz-February-06-2024"]
[Site "Chess.com"]
[Date "2024.02.06"]
[Round "1"]
[White "Jospem"]
[Black "sotochess"]
[Result "0-1"]
[WhiteElo "3039"]
[BlackElo "2537"]
[TimeControl "180+1"]
[EndTime "14:07:48 PST"]
[Termination "sotochess won on time"]

1. e4 d5 2. exd5 Qxd5 3. Nc3 Qa5 4. b4 Qxb4 5. Rb1 Qd6 6. Nf3 c6 7. d4 e6 8. Bd3 Nf6 9. O-O Nbd7 10. Ne2 Qc7 11. c4 Bd6 12. c5 Be7 13. Bf4 Qd8 14. Qc2 O-O 15. Ng3 h6 16. Qd2 Re8 17. Ne4 Nxe4 18. Bxe4 Nf6 19. Bc2 Bf8 20. Ne5 Nd5 21.
Bg3 Qg5 22. Qd3 f5 23. Nc4 b5 24. Ne5 Bb7 25. Rfe1 a5 26. Qf3 Qd2 27. Bd3 Nb4 28.
Rbd1 Qxa2 29. Bb1 Qd5 30. Qh5 Re7 31. Ng6 Rf7 32. Nf4 Qd7 33. Nxe6 Rf6 34. Nxf8 Raxf8 35. Be5 R6f7 36. Bd6 Re8 37. Rxe8+ Qxe8 38. Bxf5 Qd8 39. Be6 Qf6 40. Bxf7+ Qxf7 41. Qh3 Nd5 42. Re1 a4 43.
Qa3 Kh7 44. h3 Bc8 45. Re5 Bf5 46. Kh2 Bg6 47. Re2 Qf5 48. f3 Qd3 49. Qb2 a3 50. Qa2 b4 51. Re6 Qxd4 52. Be5 Qxc5 53. Qd2 Ne3 54.
Qe1 Nc4 55. Bf4 a2 56. Qg3 Qf5 57. Re1 b3 58. Be5 Nxe5 59. Rxe5 a1=Q 60. Rxf5 Bxf5 61. Qf4 Qf6 62. Qb4 b2 63. g4 b1=Q 0-1

[Event "Late-Titled-Tuesday-Blitz-February-06-2024"]
[Site "Chess.com"]
[Date "2024.02.06"]
[Round "1"]
[White "Ajedrez_con_German"]
[Black "NowInChess"]
[Result "1-0"]
[WhiteElo "2659"]
[BlackElo "2344"]
[TimeControl "180+1"]
[EndTime "14:07:48 PST"]
[Termination "Ajedrez_con_German won on time"]

1. Nf3 Nf6 2. d4 g6 3. Bf4 Bg7 4. e3 O-O 5. Be2 d6 6. O-O h6 7. h3 Nbd7 8. Bh2 b6 9. c4 Bb7 10. Nc3 a6 11. Rc1 e6 12. b4 a5 13. a3 axb4 14.
axb4 Qe7 15. Qb3 e5 16. c5 dxc5 17. bxc5 exd4 18. c6 Bxc6 19. Nxd4 Nc5 20. Nxc6 Qd7 21. Qb5 Nfe4 22. Nxe4 Nxe4 23. Nd4 Qe7 24. Bf3 Ra5 25. Nc6 Qe8 26. Qd3 Nc5 27. Qc2 Qe6 28. Nxa5 bxa5 29.
Qxc5 Rc8 30. Qxa5 c5 31. Rxc5 Re8 32. Qb5 Bf8 33. Qc4 Bxc5 34. Qxc5 Rc8 35. Qd4 Rc4 36.
Qd3 Kh7 37. Rd1 Ra4 38. Bd5 Qe7 39. Bf3 Qf6 40. Bg3 Ra7 41. Qd6 Qf5 42. Qd4 Ra2 43.
Rf1 Qa5 44. Qd5 Qa6 45. Qxf7+ Kh8 46. Be5+ 1-0

[Event "Late-Titled-Tuesday-Blitz-February-06-2024"]
[Site "Chess.com"]
[Date "2024.02.06"]
[Round "1"]
[White "NeverGiveUppp"]
[Black "gahryman"]
[Result "0-1"]
[WhiteElo "2331"]
[BlackElo "2679"]
[TimeControl "180+1"]
[EndTime "14:07:51 PST"]
[Termination "gahryman won on time"]

1. e4 c5 2. Nf3 Nc6 3. Bb5 g6 4. c3 Nf6 5. Qe2 Bg7 6. O-O O-O 7. d4 d5 8. e5 Ne4 9. Rd1 Qb6 10. dxc5 Nxc5 11.
Rxd5 Be6 12. Rd1 Bg4 13. Bxc6 Qxc6 14. Bf4 Ne6 15. Bg3 Bxf3 16. Qxf3 Qxf3 17. gxf3 Rfd8 18. Na3 h5 19. Nc2 Bh6 20. Nd4 Nxd4 21. Rxd4 Rxd4 22. cxd4 e6 23. Rd1 Rd8 24. Kf1 Kf8 25. Ke2 Rc8 26. Kd3 Ke8 27. Re1 Kd7 28. Re2 Rc1 29. Rc2 Rxc2 30. Kxc2 Kc6 31. Kc3 Kd5 32. b3 Bg5 33. a4 Bd8 34. f4 Bb6 35. f3 Bxd4+ 36. Kd3 Bg1 37. h3 a6 38. Be1 g5 39. fxg5 Kxe5 40.
Bd2 Kf5 41. b4 b5 42. axb5 axb5 43. Bc1 Bb6 44. Bd2 e5 45. Bc1 Bd8 46. h4 Bb6 47.
Be3 Bc7 48. Bf2 Kf4 0-1

[Event "Late-Titled-Tuesday-Blitz-February-06-2024"]
[Site "Chess.com"]
[Date "2024.02.06"]
[Round "1"]
[White "Walter_White_Poland"]
[Black "Mackster23"]
[Result "0-1"]
[WhiteElo "2405"]
[BlackElo "2755"]
[TimeControl "180+1"]
[EndTime "14:07:52 PST"]
[Termination "Mackster23 won by checkmate"]

1. d4 Nf6 2. Bf4 g6 3. e3 Bg7 4.
h3 O-O 5. Nf3 d6 6. Be2 Nbd7 7.
Bh2 c6 8. O-O b5 9. a4 b4 10. c4 bxc3 11. bxc3 a5 12. Nbd2 Ba6 13. Bxa6 Rxa6 14. Rb1 Rb6 15. Nc4 Rxb1 16. Qxb1 Qc7 17. Qa2 Rb8 18. Rb1 Ne4 19. Rxb8+ Qxb8 20. Qc2 Ndf6 21.
Nxa5 Qa8 22. Nc4 Qa6 23. Nb2 Qa5 24. c4 Qb4 25. g4 Nc3 26. Kg2 Nfe4 27. Nd2 f5 28.
Nxe4 fxe4 29. Nd1 Nxd1 30. Qxd1 Qxc4 31. g5 Qd5 32. Qb1 Qxg5+ 33. Bg3 h5 34. h4 Qf5 35.
Qa2+ Kh7 36. a5 Qf3+ 37. Kg1 g5 38. hxg5 h4 39. Bxh4 Qd1+ 40. Kh2 Qh5 41. Kh3 Qf3+ 42. Bg3 Qh1+ 43. Kg4 Qf3+ 44. Kh3 Qh1+ 45. Kg4 d5 46.
a6 Kg6 47. a7 Qh5+ 48. Kf4 Qf3# 0-1

[Event "Late-Titled-Tuesday-Blitz-February-06-2024"]
[Site "Chess.com"]
[Date "2024.02.06"]
[Round "1"]
[White "edgarhay012"]
[Black "SocoLoco"]
[Result "1-0"]
[WhiteElo "2581"]
[BlackElo "2184"]
[TimeControl "180+1"]
[EndTime "14:07:52 PST"]
[Termination "edgarhay012 won by checkmate"]

1. e4 c5 2. Nc3 d6 3. d4 cxd4 4.
Qxd4 Nc6 5. Qd2 g6 6. b3 Bg7 7. Bb2 Nf6 8. O-O-O Be6 9. f3 Qa5 10. Kb1 Nd7 11. Nge2 Rc8 12. Nf4 Nd8 13. Ncd5 Qxd2 14.
Rxd2 Bxb2 15. Kxb2 Ne5 16. Bb5+ Bd7 17. Bxd7+ Kxd7 18. Rhd1 Ne6 19. Nxe6 Kxe6 20. c4 Rc6 21. Ne3 Rhc8 22. f4 Nd7 23. Rd5 f6 24. h4 h5 25. Nc2 Nc5 26. Nd4+ Kd7 27. Nxc6 Rxc6 28. e5 Ne4 29. R5d4 f5 30. exd6 exd6 31. Re1 a5 32. Rd5 b6 33. g4 hxg4 34. h5 Nf6 35. Rd2 Nxh5 36. Rde2 Rc8 37. Re7+ Kc6 38. Rf7 Nxf4 39. Kc3 g3 40. Kd2 g2 41. a3 g5 42. b4 axb4 43. axb4 Ra8 44. b5+ Kc5 45. Rxf5+ Kxc4 46. Rxg5 Ra2+ 47.
Ke3 Nd5+ 48. Kf3 Rc2 49. Rxg2 Rxg2 50. Kxg2 Kxb5 51. Kf3 Kc5 52. Ke4 b5 53. Rc1+ Kb4 54.
Kxd5 Ka3 55. Kd4 b4 56. Kc4 b3 57. Kc3 d5 58. Ra1# 1-0

[Event "Late-Titled-Tuesday-Blitz-February-06-2024"]
[Site "Chess.com"]
[Date "2024.02.06"]
[Round "1"]
[White "Arteler"]
[Black "AryanTari"]
[Result "1/2-1/2"]
[WhiteElo "2503"]
[BlackElo "2927"]
[TimeControl "180+1"]
[EndTime "14:07:55 PST"]
[Termination "Game drawn - insufficient material"]

1. e4 e5 2. Nf3 Nc6 3. Bb5 a6 4.
Ba4 Nf6 5. Bxc6 dxc6 6. d3 Nd7 7. O-O Bd6 8. Nbd2 O-O 9. Nc4 Re8 10. b3 Nf8 11. Bb2 Ng6 12. d4 Bg4 13. h3 Bxf3 14.
Qxf3 exd4 15. Bxd4 Bh2+ 16. Kxh2 Qxd4 17. Rfe1 b5 18.
Rad1 Qc5 19. Qe3 Qxe3 20. Nxe3 Rxe4 21. Rd7 Rc8 22. Red1 Nf8 23. Rd8 Re8 24. Rxc8 Rxc8 25. Nf5 Re8 26. Rd3 g6 27. Ne3 Ne6 28. Rd7 Rd8 29. Rxd8+ Nxd8 30. Kg3 Kf8 31. Kf4 Ke7 32. Ke5 f6+ 33. Ke4 Ne6 34. b4 Kd6 35. g4 c5 36.
bxc5+ Nxc5+ 37. Kf3 Ne6 38. h4 c5 39. Ke4 Nd4 40. c3 Ne2 41. Kd3 Nf4+ 42. Ke4 Ne6 43. f4 Nc7 44. f5 Ne8 45. fxg6 hxg6 46. h5 f5+ 47. Nxf5+ gxf5+ 48. Kxf5 Ke7 49. h6 Kf7 50. g5 Nd6+ 51. Ke5 Nc4+ 52. Kd5 Kg6 53. Kxc5 Kf7 54. a4 Na3 55. axb5 axb5 56. Kb4 Nb1 57. h7 Kg7 58. g6 Kh8 59. Kb3 Nd2+ 60. Kb4 Ne4 61. c4 bxc4 62. Kxc4 Nf6 63. Kd4 Nxh7 64. gxh7 Kg7 65.
Ke5 Kh8 66. Kf6 Kxh7 1/2-1/2

[Event "Late-Titled-Tuesday-Blitz-February-06-2024"]
[Site "Chess.com"]
[Date "2024.02.06"]
[Round "1"]
[White "GMG"]
[Black "delqate"]
[Result "1-0"]
[WhiteElo "2679"]
[BlackElo "2363"]
[TimeControl "180+1"]
[EndTime "14:07:55 PST"]
[Termination "GMG won on time"]

1. Nf3 d5 2. g3 Nf6 3. Bg2 Bf5 4. c4 c6 5. Qb3 Qb6 6. d3 h6 7. Be3 Qxb3 8. axb3 a6 9. Nc3 e6 10. Nd4 Bh7 11. Nc2 Nbd7 12. b4 Be7 13. b3 O-O 14. O-O Rfd8 15. Rfc1 Rac8 16. h3 g5 17. Na4 Bg6 18.
Nb6 Nxb6 19. Bxb6 Rd7 20. Bc5 Kg7 21. Bxe7 Rxe7 22. Na3 Rec7 23. Ra2 Kf8 24. Rd2 Ke7 25. Nb1 Nd7 26. Nc3 h5 27. f4 gxf4 28. gxf4 h4 29. Kf2 Rg8 30. cxd5 Nf6 31. dxc6 bxc6 32. Na4 Rb8 33.
Nc5 Rb6 34. Ra2 Nd5 35. Bxd5 cxd5 36. Ra4 Bf5 37. Rca1 Bxh3 38. Rh1 Bf5 39. Rxh4 d4 40. Rh8 a5 41. bxa5 Rb5 42. b4 Kf6 43. a6 Ra7 44.
Rd8 Ke7 45. Rh8 Kd6 46. Rh1 e5 47. fxe5+ Kxe5 48. Rc1 Bc8 49. Rc4 Rb6 50. Ra5 Bxa6 51. Nxa6+ 1-0

[Event "Late-Titled-Tuesday-Blitz-February-06-2024"]
[Site "Chess.com"]
[Date "2024.02.06"]
[Round "1"]
[White "ljm509"]
[Black "Chessdreamer2020"]
[Result "0-1"]
[WhiteElo "2020"]
[BlackElo "2548"]
[TimeControl "180+1"]
[EndTime "14:07:58 PST"]
[Termination "Chessdreamer2020 won on time"]

1. e4 d6 2. d4 Nf6 3. Nc3 c6 4. f3 d5 5. e5 Ng8 6. f4 g6 7. h3 h5 8. Nf3 Nh6 9. Be3 Bf5 10. Qd2 e6 11. O-O-O Be7 12. Kb1 h4 13. Bd3 Bxd3 14. Qxd3 Nf5 15. Bf2 Nd7 16. Na4 Qa5 17. b3 c5 18.
dxc5 Nxc5 19. Nxc5 Bxc5 20. Nd4 Rc8 21. Nxf5 gxf5 22.
Be1 Qb6 23. Bc3 a6 24. Bb2 Qb4 25. c4 Rd8 26. a3 Qb6 27. b4 Be7 28. cxd5 Rxd5 29.
Qc4 Qc6 30. Qe2 Rg8 31. Rc1 Qd7 32. Rc2 Rg3 33. Rhc1 Qb5 34. Qh5 Rgd3 35. Qh8+ Bf8 36. Rc8+ Rd8 37. Qf6 Be7 38. Qh8+ Bf8 39. Qf6 Qd5 40.
Rxd8+ Qxd8 41. Qxd8+ Kxd8 42. Rc2 Rd1+ 43. Bc1 Rf1 44.
Kb2 Bh6 45. Be3 Bxf4 46. Bb6+ Ke7 47. Rc7+ Kf8 48. Rxb7 Bxe5+ 49. Kb3 Rb1+ 50. Kc2 Ra1 0-1

[Event "Late-Titled-Tuesday-Blitz-February-06-2024"]
[Site "Chess.com"]
[Date "2024.02.06"]
[Round "1"]
[White "JoakimVonAnd"]
[Black "IMSlavin"]
[Result "1-0"]
[WhiteElo "2629"]
[BlackElo "2302"]
[TimeControl "180+1"]
[EndTime "14:07:59 PST"]
[Termination "JoakimVonAnd won by resignation"]

1. c4 Nc6 2. d4 e5 3. dxe5 Nxe5 4. e3 Nf6 5. Nf3 Ng6 6. Nc3 Bc5 7. Be2 O-O 8. O-O a6 9. b3 d6 10. Bb2 Re8 11. Nd4 Qe7 12. Bf3 Rb8 13. Nd5 Nxd5 14. Bxd5 Qg5 15. Qf3 Rf8 16. Rad1 c6 17. Be4 Bg4 18. Qg3 Qh5 19. Bf3 Ne5 20. Bxg4 Nxg4 21. h3 Ne5 22. Rfe1 Rbd8 23. Qf4 Ng6 24. Qg4 Qxg4 25.
hxg4 Ne5 26. f3 g6 27. Re2 Rfe8 28. Kf2 Nd7 29. Nc2 Nf8 30. Bf6 Rd7 31. b4 Bb6 32. a3 Bc7 33. e4 h6 34. Bd4 Ne6 35. Be3 Kg7 36. Nd4 Bd8 37. Nxe6+ Rxe6 38. Red2 Bg5 39. Bxg5 hxg5 40. c5 Kf6 41. cxd6 Ke5 42. Ke3 Rexd6 43. Rxd6 Rxd6 44. Rxd6 Kxd6 45. Kd4 b6 46. g3 f6 47. f4 gxf4 48. gxf4 Ke6 49. a4 Kd6 50. a5 c5+ 51. bxc5+ bxc5+ 52. Kc4 Kc6 53. e5 g5 54. exf6 gxf4 55. f7 1-0

[Event "Late-Titled-Tuesday-Blitz-February-06-2024"]
[Site "Chess.com"]
[Date "2024.02.06"]
[Round "1"]
[White "Genghis_K"]
[Black "FrenchMonster2002"]
[Result "1-0"]
[WhiteElo "2896"]
[BlackElo "2476"]
[TimeControl "180+1"]
[EndTime "14:08:00 PST"]
[Termination "Genghis_K won by resignation"]

1. e4 e5 2. Nf3 Nf6 3. Nxe5 Nxe4 4. Qe2 Qe7 5. Qxe4 d6 6. d4 dxe5 7. dxe5 Nc6 8. Nc3 Qxe5 9. Qxe5+ Nxe5 10. Bf4 Bd6 11. Bg3 h5 12. Nb5 h4 13. Nxd6+ cxd6 14. Bf4 Bf5 15. O-O-O Rc8 16. c3 Ke7 17. h3 f6 18. Be2 g5 19. Be3 a6 20. Rd4 Rc6 21.
Rhd1 Rhc8 22. Rb4 b5 23. a4 bxa4 24. Rxa4 Ra8 25. f4 gxf4 26. Rxf4 Be6 27. Rxh4 a5 28.
Rh7+ Bf7 29. Bd4 Rf8 30. Bh5 Ke6 31. Bxe5 Bxh5 32. Rxd6+ Rxd6 33. Bxd6 Bg6 34. Rg7 Kxd6 35.
Rxg6 Ke5 36. Rg4 f5 37. Ra4 Rg8 38. Rxa5+ Ke4 39. g4 f4 40. b4 f3 41. Rf5 Ke3 42. Kc2 Ke2 43. Re5+ Kf1 44. b5 f2 45. Rf5 Kg2 46. c4 Rc8 47. Kb3 Re8 48. Kb4 Re3 49. Rxf2+ Kxf2 50. c5 Rxh3 51. c6 Rh4 52. b6 Rxg4+ 53.
Kb5 Ke3 54. c7 Rg5+ 55. Kc6 Rg6+ 56. Kb7 Rg7 57. Kb8 1-0

[Event "Late-Titled-Tuesday-Blitz-February-06-2024"]
[Site "Chess.com"]
[Date "2024.02.06"]
[Round "1"]
[White "PoXerStar"]
[Black "Vladimir_Zakhartsov"]
[Result "0-1"]
[WhiteElo "2432"]
[BlackElo "2818"]
[TimeControl "180+1"]
[EndTime "14:08:02 PST"]
[Termination "Vladimir_Zakhartsov won on time"]

1. d4 Nf6 2. c4 g6 3. Nc3 d5 4. cxd5 Nxd5 5. e4 Nxc3 6. bxc3 Bg7 7. Nf3 c5 8. Be3 O-O 9. Qd2 cxd4 10. cxd4 Bg4 11.
Rc1 Bxf3 12. gxf3 e6 13. Bb5 a6 14. Ba4 Nd7 15. O-O b5 16. Bb3 Nb6 17. Rc6 Rb8 18. Rfc1 Qd7 19. d5 Nc4 20. Bxc4 bxc4 21. R6xc4 exd5 22.
Qxd5 Qh3 23. e5 Rb5 24. Rc5 Rxc5 25. Bxc5 Re8 26. Re1 h5 27. Bd6 Qf5 28. Qe4 Qe6 29. a4 Kh7 30. Rc1 Bf8 31. Bxf8 Rxf8 32. Rc7 Kg7 33.
Qf4 Re8 34. Kg2 Kg8 35. a5 Rf8 36. Qf6 Re8 37. Qxe6 Rxe6 38. f4 g5 39. Kf3 Kg7 40. Rb7 gxf4 41. Kxf4 Rg6 42. Rb6 Rg4+ 43. Kf5 Rh4 44.
Rxa6 Rxh2 45. Ra7 Rxf2+ 46. Ke4 Re2+ 47. Kf4 h4 48. Kg4 Re4+ 49. Kh3 Kg6 0-1

[Event "Late-Titled-Tuesday-Blitz-February-06-2024"]
[Site "Chess.com"]
[Date "2024.02.06"]
[Round "1"]
[White "only_strong_moves"]
[Black "MeisterJabo"]
[Result "1-0"]
[WhiteElo "2647"]
[BlackElo "2327"]
[TimeControl "180+1"]
[EndTime "14:08:02 PST"]
[Termination "only_strong_moves won by checkmate"]

1. e4 e5 2. Nf3 Nc6 3. Bb5 a6 4. Ba4 Nf6 5. O-O b5 6. Bb3 Be7 7. d3 O-O 8. c3 d5 9. exd5 Nxd5 10. h3 Bf5 11. Re1 Bf6 12. g4 Bg6 13. g5 Be7 14.
Nxe5 Nxe5 15. Rxe5 c6 16. d4 Bd6 17. Re1 Qd7 18. Qf3 Rae8 19. Be3 Be4 20. Qg4 Bf5 21. Qf3 Bxh3 22. Nd2 Bg4 23. Qg2 Bf5 24. Nf1 Be4 25.
f3 Bg6 26. Bxd5 cxd5 27. Bd2 Qf5 28. Ne3 Qd7 29. Nxd5 Bb8 30. Nf4 Bxf4 31. Bxf4 Qf5 32. Bd6 Rxe1+ 33. Rxe1 Rd8 34. Bc7 Rc8 35. Bh2 Qd3 36.
Qe2 Qxe2 37. Rxe2 f6 38. gxf6 gxf6 39. Re7 Re8 40. Ra7 Re2 41. d5 Rxb2 42. d6 Rd2 43. d7 Kf8 44. Bf4 Rd1+ 45. Kf2 Ke7 46. Be3 Rxd7 47.
Bc5+ Kd8 48. Rxa6 Rc7 49. Bb6 Kc8 50. Bxc7 Kxc7 51. Rxf6 Bb1 52. a3 Kb7 53. Ke3 Bg6 54.
Kd4 Ka7 55. Kc5 Bd3 56. Rf7+ Ka6 57. f4 Be4 58. f5 Bd3 59. f6 Bg6 60. Re7 Ka5 61.
Ra7# 1-0

[Event "Late-Titled-Tuesday-Blitz-February-06-2024"]
[Site "Chess.com"]
[Date "2024.02.06"]
[Round "1"]
[White "GoValya"]
[Black "jens1102"]
[Result "0-1"]
[WhiteElo "2277"]
[BlackElo "2614"]
[TimeControl "180+1"]
[EndTime "14:08:02 PST"]
[Termination "jens1102 won by resignation"]

1. d4 d5 2. g3 Nf6 3. Bg2 g6 4. c4 c6 5. Nc3 Bg7 6. Nf3 O-O 7.
O-O Bf5 8. Ne5 Ne4 9. Nxe4 Bxe4 10. Bxe4 dxe4 11. Be3 Nd7 12. Nxd7 Qxd7 13. Qd2 Rad8 14. Rad1 e6 15. Qc2 f5 16. Bg5 Rde8 17. d5 exd5 18. cxd5 cxd5 19. Qb3 Rf7 20. Rxd5 Qe6 21. Rfd1 h6 22.
Be3 Kh7 23. Bxa7 Qa6 24. Bd4 Qxe2 25. Bxg7 Rxg7 26. Rd7 Ree7 27. Rxe7 Rxe7 28. Rd8 Rg7 29. Qc3 f4 30. gxf4 g5 31. f5 Qg4+ 32. Kh1 Qxf5 33.
Qc8 Qxc8 34. Rxc8 Kg6 35. Kg2 Kf5 36. Kg3 Rd7 37. Rf8+ Ke5 38. Re8+ Kf5 39. Rf8+ Ke5 40. Re8+ Kd4 41. Re6 h5 42. Rg6 Rd5 43. Rg7 Rf5 44. Rxb7 h4+ 45. Kg2 g4 46. Rd7+ Ke5 47. h3 gxh3+ 48.
Kxh3 Rxf2 49. Re7+ Kd4 50. Kxh4 Rxb2 51. Kg3 Rxa2 52. Rd7+ Ke3 53. Re7 Ra6 54. Re5 Rg6+ 55. Kh2 Kf3 56. Rf5+ Ke2 57. Re5 e3 58. Kh1 Kf2 59.
Rf5+ Ke1 60. Re5 e2 61. Kh2 Rg4 62. Re6 Kf2 63. Rf6+ Ke3 0-1

[Event "Late-Titled-Tuesday-Blitz-February-06-2024"]
[Site "Chess.com"]
[Date "2024.02.06"]
[Round "1"]
[White "subham777"]
[Black "Konavets"]
[Result "0-1"]
[WhiteElo "2526"]
[BlackElo "3123"]
[TimeControl "180+1"]
[EndTime "14:08:04 PST"]
[Termination "Konavets won by resignation"]

1. e4 c5 2. Nf3 d6 3. d4 cxd4 4. Qxd4 Bd7 5. Nc3 Nc6 6. Qd2 Nf6 7. b3 g6 8. Bb2 Bg7 9. O-O-O O-O 10. Kb1 Rc8 11. h4 Bg4 12. a3 Qa5 13. Be2 h5 14.
Nd5 Qxd2 15. Nxf6+ Bxf6 16. Rxd2 Bxb2 17. Kxb2 Kg7 18.
Nd4 Nxd4 19. Bxg4 Nxb3 20. Bxc8 Nxd2 21. Bxb7 Rb8 22. Kc3 Rxb7 23. Kxd2 f5 24. exf5 gxf5 25. Rh3 f4 26. Rf3 e5 27. Rd3 Rb6 28. g3 fxg3 29.
Rxg3+ Kf6 30. Rg5 Ra6 31. Rxh5 Rxa3 32. Rh6+ Ke7 33. h5 a5 34. Rg6 Rh3 35. h6 a4 36.
Kc1 a3 37. Kb1 Rh2 38. Rg7+ Kf6 39. Rd7 Ke6 40. Ra7 Rh1+ 41. Ka2 Rxh6 42. Rxa3 Kd5 43. Rf3 Ke4 44. Rf8 Rh3 45. Kb2 Rf3 46. Rd8 d5 47. Kc1 Rxf2 48. Kb2 d4 49. Rh8 Ke3 50. Rh3+ Rf3 51.
Rh1 e4 52. Kb3 Rf2 53. Rh3+ Kf4 54. Rh4+ Kf3 55. Rh3+ Kg4 56. Rh8 e3 57. Re8 Rd2 58. Re4+ Kf3 59. Re8 e2 60. Kb2 Rd1 61. Rf8+ Kg4 62.
Rg8+ Kh5 0-1

[Event "Late-Titled-Tuesday-Blitz-February-06-2024"]
[Site "Chess.com"]
[Date "2024.02.06"]
[Round "1"]
[White "AlexeiShirov"]
[Black "pr1105"]
[Result "1-0"]
[WhiteElo "2795"]
[BlackElo "2418"]
[TimeControl "180+1"]
[EndTime "14:08:04 PST"]
[Termination "AlexeiShirov won by resignation"]

1. e4 e5 2. Nf3 Nc6 3. Bb5 Nf6 4. d3 Bc5 5. Bg5 h6 6. Bh4 Nd4 7. Nxd4 Bxd4 8. c3 Bb6 9. Nd2 c6 10. Ba4 d6 11. O-O g5 12. Bg3 Bg4 13. Qe1 Nh5 14. Kh1 Qf6 15. h3 Be6 16. Bh2 Nf4 17. Bxf4 gxf4 18.
Nf3 Rg8 19. d4 Qg6 20. Rg1 Qh5 21. Bd1 Bg4 22. Nh2 Bxd1 23. Qxd1 Qg6 24. Qd3 O-O-O 25. Nf3 f6 26. Nh4 Qh7 27. Nf5 Rge8 28. Rad1 Kb8 29.
Rge1 h5 30. Qf3 d5 31. Nh4 dxe4 32. Rxe4 Qf7 33. b3 c5 34. dxc5 Bxc5 35. Rde1 Qc7 36.
R4e2 Qb6 37. Nf5 Rd7 38. Qxh5 Red8 39. Qf3 Rd2 40. Rxd2 Rxd2 41. Re2 Rxe2 42. Qxe2 Bxf2 43. Qd3 Bg3 44. Qd6+ Qc7 45. Kg1 a6 46. Kf1 Qxd6 47.
Nxd6 b5 48. Ne8 f5 49. Nd6 e4 50. Nxf5 e3 51. Nxg3 fxg3 52. Ke2 Kc7 53. Kxe3 Kd6 54.
Kf3 1-0